Map: Romanticide LE

Players

PartinG - Winner!

  • Race: Protoss Protoss
  • Spawn Location: 5:00

TYTY (TY)

  • Race: Terran Terran
  • Spawn Location: 11:00

Event: IEM Katowice 2021

VOD

Have the link to the VOD?

Description

Time

  • Played on: Feb. 27, 2021, 11:39 a.m.
  • Length: 6:51

All games in this series

Show
View Real Time Build Order
Export as new Build Order

PartinG Protoss - Winner!

Build Orders: 1 Gate Expand, Blink Stalkers 

Get SALT Encoding   

  12  0:00  Probe  
  13  0:12  Probe  
  14  0:17  Pylon  
  14  0:24  Probe  
  15  0:36  Gateway, Probe  
  16  0:48  Probe  
  17  1:06  Nexus  
  17  1:12  Assimilator  
  17  1:14  Probe  
  18  1:24  Cybernetics Core  
  18  1:28  Probe  
  19  1:35  Pylon  
  19  1:40  Probe  
  20  1:52  Probe  
  20  1:53  Gateway  
  21  1:55  Warp Gate (Chrono Boost)  
  21  2:00  Adept (Chrono Boost)  
  21  2:05  Probe  
  24  2:17  Probe  
  24  2:18  Probe  
  26  2:26  Gateway  
  26  2:30  Probe  
  26  2:31  Probe  
  26  2:36  Pylon  
  28  2:40  Pylon  
  28  2:42  Probe  
  28  2:43  Probe  
  30  2:45  Assimilator  
  30  2:49  Adept (Chrono Boost)  
  30  2:51  Twilight Council  
  30  2:55  Probe  
  30  2:56  Probe  
  34  3:01  Assimilator  
  34  3:07  Probe  
  34  3:08  Probe  
  34  3:11  Shield Battery  
  36  3:19  Probe  
  37  3:20  Probe  
  37  3:24  Blink (Chrono Boost)  
  37  3:25  Shield Battery  
  38  3:31  Probe  
  38  3:32  Probe  
  40  3:37  Pylon  
  40  3:43  Probe  
  40  3:44  Stalker  
  40  3:45  Probe  
  44  3:49  Stalker  
  46  3:55  Probe  
  46  3:58  Pylon, Probe  
  48  4:03  Robotics Facility  
  48  4:14  Stalker x2  
  52  4:23  Probe  
  53  4:31  Probe  
  54  4:35  Probe  
  55  4:39  Assimilator  
  55  4:43  Nexus  
  55  4:44  Pylon  
  55  4:49  Stalker x2  
  59  4:53  Probe  
  59  4:54  Probe  
  59  4:57  Observer  
  59  4:58  Pylon  
  59  4:59  Pylon  
  62  5:03  Robotics Bay  
  62  5:07  Probe x2  
  62  5:18  Stalker x2  
  62  5:20  Probe x2  
  64  5:32  Probe x2  
  66  5:42  Gateway  
  64  5:44  Gateway, Probe x2  
  66  5:56  Stalker x2, Probe x2  
  66  6:08  Probe x2  
  66  6:20  Probe x2  
  66  6:32  Probe  
  66  6:33  Probe  
Show
View Real Time Build Order
Export as new Build Order

TYTY Terran 

Build Orders:  

Get SALT Encoding   

  12  0:00  SCV  
  13  0:12  SCV  
  14  0:17  Supply Depot  
  14  0:24  SCV  
  15  0:38  SCV  
  15  0:40  Barracks  
  16  0:43  Refinery  
  16  0:50  SCV  
  17  1:02  SCV  
  18  1:15  SCV  
  19  1:28  Orbital Command  
  19  1:29  Supply Depot  
  19  1:31  Marine  
  20  1:43  Factory  
  20  1:49  Marine  
  21  1:54  SCV  
  22  2:06  SCV  
  22  2:07  Marine  
  24  2:18  SCV  
  25  2:25  Marine  
  25  2:26  Bunker  
  25  2:29  Hellion  
  28  2:30  Starport  
  28  2:31  SCV, Supply Depot  
  29  2:43  Marine  
  30  2:53  Hellion  
  32  3:01  Command Center  
  32  3:03  Marine  
  33  3:06  Medivac  
  36  3:15  Hellion  
  36  3:20  SCV, Marine  
  36  3:23  Supply Depot  
  38  3:27  Refinery  
  38  3:33  SCV  
  39  3:40  Starport Tech Lab  
  39  3:44  Barracks Reactor  
  39  3:45  SCV  
  39  3:47  Supply Depot  
  40  3:49  Widow Mine  
  42  3:57  SCV  
  43  4:09  SCV  
  44  4:21  Marine x2  
  44  4:22  Raven  
  41  4:24  Factory Tech Lab  
  41  4:26  Orbital Command  
  41  4:27  SCV  
  36  4:39  Marine x2  
  36  4:43  Orbital Command  
  38  4:47  Siege Tank  
  38  4:48  Command Center  
  38  4:52  SCV  
  42  4:57  Marine x2  
  44  5:04  SCV  
  41  5:15  Marine x2  
  41  5:16  SCV, Orbital Command  
  41  5:20  Siege Tank  
  44  5:28  SCV  
  44  5:33  Marine x2  
  39  5:39  Viking  
  39  5:40  SCV  
  39  5:50  Marine  
  39  5:51  Marine  
  39  5:52  SCV  
  38  6:04  SCV  

Tags
 
Add a new tag
Caveats
  • Supply blocks, unpowered buildings, or Contaminate may cause inaccurate times.
  • Supply counts are checked every 10 seconds.